Map: Frozen Temple

Players

Nickos - Winner!

  • Race: Terran Terran
  • League: Silver

edge

  • Race: Terran Terran
  • League: Gold

VOD

Have the link to the VOD?

Description

Time

  • Played on: Sept. 16, 2016, 5:38 a.m.
  • Length: 15:03
Show
View Real Time Build Order
Export as new Build Order

Nickos Terran - Winner!

Build Orders:  

Get SALT Encoding   

  12  0:01  SCV  
  13  0:13  SCV  
  14  0:19  Supply Depot  
  14  0:25  SCV  
  15  0:41  SCV  
  16  0:43  Barracks  
  16  0:53  SCV  
  17  1:05  SCV  
  18  1:17  SCV  
  19  1:22  Command Center  
  19  1:30  Marine  
  20  1:33  Orbital Command  
  20  1:45  Barracks  
  20  1:54  Supply Depot  
  20  1:59  SCV  
  21  2:05  Marine  
  22  2:11  SCV  
  23  2:20  Barracks  
  23  2:23  Marine, SCV  
  24  2:34  Orbital Command  
  24  2:35  SCV  
  24  2:36  Marine  
  26  2:40  Refinery  
  26  2:41  Marine  
  26  2:42  Refinery  
  27  2:47  SCV  
  28  2:54  Marine  
  29  2:59  SCV, Marine  
  29  3:03  SCV  
  32  3:07  Supply Depot  
  32  3:11  SCV  
  33  3:15  SCV  
  33  3:16  Marine  
  33  3:17  Barracks Tech Lab  
  35  3:30  Supply Depot, SCV x2  
  35  3:34  Factory  
  37  3:39  Barracks Tech Lab  
  37  3:42  SCV  
  37  3:43  Barracks Reactor  
  37  3:46  SCV  
  39  3:52  Barracks Reactor  
  39  3:54  SCV  
  40  3:58  SCV  
  41  4:06  SCV  
  42  4:10  SCV  
  42  4:15  Marauder  
  45  4:18  SCV  
  45  4:22  SCV  
  45  4:24  Stimpack  
  47  4:29  Marine x3  
  47  4:30  SCV, Marine  
  52  4:34  Starport  
  52  4:40  Refinery  
  52  4:43  Engineering Bay, SCV x2  
  52  4:45  Factory Reactor, Engineering Bay  
  54  4:53  Marine x4  
  54  4:54  Marine  
  54  4:56  SCV x2  
  61  5:00  Supply Depot x2  
  61  5:08  SCV  
  61  5:13  Terran Infantry Weapons Level 1  
  62  5:15  Supply Depot, Terran Infantry Armor Level 1  
  62  5:22  SCV, Marine x4  
  67  5:28  SCV  
  67  5:30  Marauder  
  67  5:34  SCV  
  71  5:36  Command Center  
  71  5:37  Supply Depot  
  71  5:39  Supply Depot  
  71  5:40  SCV  
  72  5:46  SCV  
  72  5:51  Marauder  
  74  6:00  Marine x4  
  74  6:01  Medivac x2  
  74  6:02  SCV x2  
  84  6:14  SCV x2, Marauder  
  88  6:19  Armory  
  88  6:23  Barracks  
  88  6:26  SCV  
  88  6:27  Supply Depot  
  88  6:28  Supply Depot, SCV  
  88  6:29  Barracks  
  88  6:30  Barracks  
  90  6:38  SCV  
  75  6:50  Marine x4  
  75  6:51  Marine  
  67  7:04  Medivac x2  
  67  7:08  Marine x4  
  71  7:26  Marine x2  
  71  7:27  Marine x3  
  74  7:34  Medivac x2  
  78  7:43  SCV x3  
  81  7:44  Marine x3  
  81  7:45  Marine x2  
  81  7:58  SCV  
  81  7:59  SCV x2  
  81  8:02  Marine x3  
  81  8:04  Medivac  
  89  8:11  SCV  
  90  8:13  Barracks Reactor  
  90  8:14  Marine x2  
  92  8:20  Marine  
  91  8:43  Marine x3  
  91  8:44  Marine x2  
  91  8:45  Medivac x2  
  100  8:55  SCV  
  100  8:56  SCV  
  100  8:58  Orbital Command  
  100  9:01  Marine x2  
  100  9:02  Marine x5  
  108  9:08  Command Center  
  109  9:13  Barracks  
  109  9:14  Barracks  
  109  9:15  Medivac  
  111  9:17  Terran Infantry Weapons Level 2  
  111  9:18  Barracks  
  111  9:19  Marine x2  
  111  9:21  Refinery, Marine x5  
  111  9:22  Refinery  
  90  10:06  Marine x2  
  85  10:07  Marine x2  
  85  10:09  Marine  
  85  10:10  Marine x2  
  85  10:14  Barracks Reactor x3  
  86  10:17  SCV x3  
  89  10:24  Barracks x2, Marine x3  
  89  10:25  Terran Infantry Armor Level 2, Marine  
  89  10:26  Barracks  
  89  10:27  Marine x2  
  89  10:28  Marine  
  96  10:29  SCV  
  97  10:36  Factory Tech Lab  
  97  10:37  Medivac  
  97  10:38  Medivac  
  97  10:42  Marine x3  
  104  10:57  Marine  
  104  10:58  Marine x5  
  104  10:59  Marine x4  
  104  11:00  Marine x3  
  110  11:15  Marine  
  110  11:16  Marine x6  
  110  11:17  Marine x3  
  110  11:18  Barracks Reactor x3, Marine x3  
  109  11:22  Barracks  
  109  11:24  Barracks  
  109  11:25  Medivac x2  
  114  11:26  Barracks  
  104  11:33  Marine x2  
  104  11:34  Marine x2  
  104  11:36  Marine  
  104  11:37  Marine x5  
  104  11:38  Marine x3  
  117  11:46  SCV x2  
  119  11:51  Marine x3  
  119  11:52  Marine  
  123  11:54  Marine  
  123  11:55  SCV  
  123  11:56  Marine x2  
  123  11:57  Marine x5  
  123  11:58  Marine x5  
  123  11:59  Marine x2  
  123  12:00  Planetary Fortress  
  139  12:09  Marine x4  
  139  12:12  Marine x4  
  139  12:14  Marine  
  148  12:41  Supply Depot  
  148  12:42  Supply Depot  
  148  12:43  Supply Depot  
  148  12:48  Supply Depot  
  148  13:02  Marine x8  
  148  13:03  Marine x6  
  148  13:04  Marine x4, SCV x2  
  148  13:05  SCV, Marine x4  
  170  13:12  Supply Depot  
  170  13:16  SCV  
  170  13:17  SCV  
  172  13:20  Marine x8  
  180  13:29  Supply Depot x2  
  180  13:33  Supply Depot, Marine x8  
  188  13:39  Command Center  
  188  13:50  Marine x8  
  188  13:51  Marine  
  188  13:52  Marine x2  
  188  13:53  Marine  
  200  14:07  Supply Depot  
  199  14:41  Marine x5  
  199  14:42  Marine x5  
  199  14:43  Marine x3  
Show
View Real Time Build Order
Export as new Build Order

edge Terran 

Build Orders: MMM Bio 

Get SALT Encoding   

  12  0:01  SCV  
  13  0:13  SCV  
  14  0:18  Supply Depot  
  14  0:25  SCV  
  15  0:40  SCV  
  15  0:41  Barracks  
  16  0:52  SCV  
  17  0:59  Barracks  
  17  1:04  SCV  
  18  1:16  SCV  
  19  1:28  SCV, Marine  
  21  1:33  Supply Depot  
  21  1:51  Orbital Command  
  21  1:54  Marine x2  
  23  2:06  Command Center  
  23  2:18  Refinery  
  23  2:23  SCV  
  23  2:24  Refinery, Marine  
  23  2:25  Marine  
  26  2:42  Bunker  
  26  2:44  Marine x2  
  26  2:50  SCV  
  29  3:02  Engineering Bay  
  29  3:04  Marine x2  
  31  3:12  Supply Depot  
  31  3:19  Orbital Command  
  31  3:22  Marine  
  31  3:24  Barracks Tech Lab  
  32  3:34  Factory  
  32  3:37  SCV  
  32  3:40  Reaper  
  34  3:48  Refinery  
  34  3:49  Refinery, SCV x2  
  38  3:55  Marauder  
  38  3:58  Concussive Shells  
  38  4:01  SCV x2  
  40  4:15  SCV  
  40  4:16  SCV  
  42  4:18  Marauder  
  42  4:19  Factory Reactor  
  42  4:20  Starport  
  44  4:28  SCV x2  
  46  4:33  Supply Depot  
  46  4:35  Missile Turret  
  46  4:38  Supply Depot  
  46  4:48  Barracks Reactor  
  46  4:49  Missile Turret, SCV x2  
  48  4:59  Starport Tech Lab  
  48  5:02  Stimpack  
  48  5:04  Marauder  
  50  5:15  Liberator  
  50  5:17  Liberator  
  50  5:25  Terran Infantry Weapons Level 1  
  50  5:27  Marauder  
  52  5:31  Siege Tank  
  61  5:36  SCV  
  62  6:01  SCV x2  
  62  6:02  Marine  
  62  6:03  Marine x2  
  66  6:13  SCV  
  66  6:18  Medivac  
  69  6:20  Marine  
  70  6:36  Supply Depot  
  70  6:37  Supply Depot  
  70  6:39  Marauder, Viking, Supply Depot, Marine x2  
  65  6:58  SCV x2  
  66  7:10  SCV  
  66  7:14  Marine x3  
  69  7:15  Siege Tank  
  72  7:24  Medivac x2  
  76  7:31  Marine  
  76  7:32  Marine  
  70  7:48  Siege Tank, SCV  
  70  7:49  SCV  
  75  7:54  Medivac  
  71  7:59  Combat Shields  
  71  8:00  Marine  
  71  8:01  SCV, Marine x2  
  75  8:09  Command Center  
  75  8:15  Sensor Tower  
  75  8:18  Marine x2  
  77  8:20  Missile Turret  
  77  8:26  Factory  
  77  8:27  Supply Depot  
  57  8:43  SCV  
  57  8:44  SCV  
  59  8:49  Marine x3  
  62  8:56  Sensor Tower, SCV  
  62  8:59  SCV  
  64  9:05  Widow Mine, Missile Turret  
  64  9:06  Missile Turret  
  64  9:07  Marine x2  
  64  9:08  SCV  
  64  9:09  Marine  
  70  9:11  SCV  
  70  9:15  Factory Tech Lab  
  71  9:25  Marine  
  72  9:34  Widow Mine, Barracks  
  71  10:19  Marine x3  
  74  10:31  Siege Tank  
  74  10:32  Siege Tank  
  80  10:36  Marine  
  80  10:37  Marine x2  
  80  10:39  Engineering Bay  
  80  10:40  Armory  
  83  10:44  Armory  
  83  10:45  Orbital Command, Command Center  
  83  10:51  Barracks Reactor  
  83  10:54  Marine x2  
  85  11:02  Barracks  
  85  11:03  Cyclone, Barracks  
  85  11:04  Cyclone  
  91  11:36  Cyclone  
  95  11:44  SCV x3  
  98  11:50  Refinery  
  98  11:52  Refinery  
  98  11:56  SCV x3  
  98  11:59  Refinery  
  101  12:12  Orbital Command  
  101  12:14  Barracks Reactor x2  
  101  12:18  Terran Infantry Weapons Level 2, Missile Turret, Terran Infantry Armor Level 1  
  101  12:19  Missile Turret, Supply Depot x2  
  101  12:20  Terran Vehicle Weapons Level 1  
  101  12:21  Terran Vehicle And Ship Armor Level 1, Sensor Tower  
  101  12:22  Drilling Claws, Supply Depot  
  101  12:23  Supply Depot  
  101  12:34  Widow Mine x2  
  101  12:36  Marine x5  
  110  12:39  Command Center, Viking x2  
  110  12:43  Supply Depot  
  114  12:44  Supply Depot  
  114  12:54  Supply Depot, Marine x5  
  119  13:03  Widow Mine x2  
  122  13:09  Viking  
  124  13:15  Command Center  
  124  13:23  Bunker x2, Factory  
  124  13:49  Marine x7  
  124  13:50  Marine x2  
  133  13:58  Factory  
  133  14:07  Marine x7  
  136  14:33  Marine x5  
  136  14:34  Marine x4  
  87  14:52  Factory Tech Lab  
  92  14:59  Factory Tech Lab  
Tags
 
Composition
MMM Bio
Matchup
TvT
Race
Terran
Replay Pack
Nickos replay
Add a new tag
Caveats
  • Supply blocks, unpowered buildings, or Contaminate may cause inaccurate times.
  • Supply counts are checked every 10 seconds.